AoeStats
← Martdri

Arabian Desert

508526842Analyzed
1v1 RM · 10d ago on Sep 22, 2026· 23m 17s· 2 players
Game mode
Random Map
Map size
Tiny (2 player)
Population
200
Speed
Normal
Resources
Standard
Victory
Conquest
Starting age
Dark Age
Ending age
Imperial Age
RankedLock teamsTeams togetherTeam positionsShared explorationLock speedFull tech treeHidden civsTurbo modeCheats
Victory
Defeat
🇦🇷 Franks · Argentina
1064
+16
🇺🇸 Random · United States
1055
-16
Scoop20
5:53 Loom
10:10 Feudal Age
10:38 Double-Bit Axe
13:59 Bloodlines
20:42 Town Watch
24:06 Castle Age
Martdri
3:19 Loom
10:06 Feudal Age
10:33 Double-Bit Axe
12:16 Wheelbarrow
21:10 Castle Age
19:44 Scale Barding Armor
20:12 Forging
20:34 Gold Mining
23:47 Husbandry
Connection lost

Rejoining the realm…

Still unreachable

The connection could not be restored.

Session expired

The server has moved on; the page needs a fresh start.